 Dungeon Crawl Stone Soup version 0.28-a0-938-gbc3f381ebc (webtiles) character file.

Game seed: 5596880115543070470

13977 mcbry74 the Carver (level 11, -4/99 HPs)
             Began as a Minotaur Berserker on Nov 28, 2021.
             Was an Elder of Trog.
             Slain by an ettin (8 damage)
             ... on level 11 of the Dungeon.
             The game lasted 00:47:40 (13920 turns).

mcbry74 the Carver (Minotaur Berserker)            Turns: 13920, Time: 00:47:41

Health: -4/99      AC: 25    Str: 35    XL:     11   Next: 82%
Magic:  0/10       EV:  9    Int:  4    God:    Trog [****..]
Gold:   645        SH:  0    Dex: 12    Spells: 10/10 levels left

rFire   . . .      SeeInvis .   b - +2 triple sword (protect)
rCold   . . .      Faith    .   (shield currently unavailable)
rNeg    . . .      Spirit   .   L - +0 plate armour
rPois   .          Reflect  .   (helmet restricted)
rElec   .          Harm     .   M - scarf {+Inv}
rCorr   .          Rampage  .   J - +1 pair of gloves {infuse}
Will    ++...                   G - +0 pair of boots
Stlth   ..........              (no amulet)
HPRegen 1.26/turn               j - +6 ring of strength
MPRegen 0.12/turn               q - +6 ring of strength

@: strong-willed, under a protective aura, regenerating
A: horns 2, retaliatory headbutt
a: Renounce Religion, Evoke Invisibility, Berserk, Trog's Hand, Brothers in Arms


You were on level 11 of the Dungeon.
You worshipped Trog.
Trog was greatly pleased with you.
You visited 1 branch of the dungeon, and saw 11 of its levels.

You collected 673 gold pieces.
You spent 28 gold pieces at shops.

Inventory:

Hand Weapons
 a - a +0 shortbow
 b - a +2 triple sword of protection (weapon)
 g - a +0 short sword of speed
 i - a +1 dagger of speed
 E - a +0 falchion
 Q - a +2 short sword of electrocution
 S - a +2 short sword of venom
 T - a +1 falchion of electrocution
Missiles
 o - 44 poisoned darts (quivered)
 s - 178 arrows
 x - 11 boomerangs
 F - 11 javelins
Armour
 h - a +0 animal skin
 u - a +0 scale mail
 v - a +2 pair of gloves
 A - a +0 chain mail
 G - a +0 pair of boots (worn)
 J - a +1 pair of gloves of infusion (worn)
 K - a +0 kite shield
 L - a +0 plate armour (worn)
 M - a scarf of invisibility (worn)
Jewellery
 j - a +6 ring of strength (left hand)
 q - a +6 ring of strength (right hand)
 O - a +6 ring of intelligence
 P - a +6 ring of dexterity
 Y - an amulet of the acrobat
Wands
 t - a wand of iceblast (23)
 w - a wand of charming (5)
 z - a wand of polymorph (3)
 C - a wand of flame (49)
 H - a wand of mindburst (15)
 R - a wand of acid (6)
Scrolls
 c - 2 scrolls of vulnerability
 k - 3 scrolls of amnesia {unknown}
 n - 2 scrolls of magic mapping {unknown}
 p - 2 scrolls of teleportation
 y - 2 scrolls of fear {unknown}
 B - 3 scrolls of noise
 D - 3 scrolls of enchant armour {unknown}
 U - 2 scrolls of fog {unknown}
 V - a scroll of identify
 W - a scroll of torment {unknown}
 X - a scroll of brand weapon {unknown}
Potions
 d - 2 potions of resistance
 e - 2 potions of heal wounds
 f - 2 potions of mutation
 l - a potion of magic
 m - 2 potions of might
 r - a potion of haste
 I - a potion of flight
 N - 6 potions of curing
Miscellaneous
 Z - a piece from Xom's chessboard (15/15)


   Skills:
 + Level 10.0 Fighting
 + Level 8.4(11.6) Short Blades
 + Level 13.6(14.7) Long Blades
 + Level 7.0 Bows
 + Level 9.6 Armour
 - Level 2.1 Dodging
 + Level 4.6 Evocations


You had 10 spell levels left.
You didn't know any spells.
Your spell library contained the following spells:

 Spells                   Type           Power      Damage    Failure   Level
 Dazzling Flash           Conj/Hex       0%         N/A       100%        3
 Agony                    Necr           0%         N/A       100%        5
 Silence                  Hex/Air        0%         N/A       100%        5


Dungeon Overview and Level Annotations

Branches:
Dungeon (11/15)            Temple (0/1) D:7            Lair (0/6) D:8
    Orc: D:9-12

Altars:
Dithmenos
Elyvilon
Fedhas
Ru
Trog
Vehumet
Wu Jian
Xom
Yredelemnul
The Shining One

Shops:
D:1 ?   D:9 *


Innate Abilities, Weirdness & Mutations

You have a pair of horns on your head.
You reflexively headbutt those who attack you in melee.


Message History

You barely miss the freezing wraith. You headbutt the freezing wraith!
The freezing wraith is heavily damaged.
The freezing wraith hits you! The freezing wraith freezes you!
The freezing wraith hits you. The freezing wraith drains your vigour!
You feel yourself slow down.
You hit the freezing wraith but do no damage.
Your weapon exudes an aura of protection.
The freezing wraith is heavily damaged.
The freezing wraith hits you. The freezing wraith freezes you!
The freezing wraith barely misses you.
The freezing wraith hits you but does no damage.
The freezing wraith barely misses you.
You slice the freezing wraith!!
You destroy the freezing wraith!
Trog accepts your kill.
You start resting.
You feel yourself speed up.
You start resting.
An ettin comes into view. It is wielding two +0 dire flails.
Your skin crawls.
You feel strong-willed.
The ettin shouts in stereo!
The ettin hits you with a +0 dire flail! x2
You hit the ettin.
Your weapon exudes an aura of protection.
You headbutt the ettin, but do no damage.
The ettin is lightly wounded.
The ettin hits you but does no damage.
The ettin hits you with a +0 dire flail.
You slice the ettin!!
You headbutt the ettin, but do no damage.
The ettin is heavily wounded.
The ettin hits you with a +0 dire flail!
The ettin hits you but does no damage.
You slash the ettin! You headbutt the ettin.
The ettin is almost dead.
The ettin hits you with a +0 dire flail!!
* * * LOW HITPOINT WARNING * * *
The ettin hits you with a +0 dire flail!
You die...

### ./# ..## ########
..#.## #.....#####
......# ######....#
#...... #...#####
##.....### ####..#
#......#C# #.#.###
#......@#.# #.##).#
#.......#.# ####.)...##
#.......### #.#..)....#
..........# #....###(.##
..........###....## #<.#
..................####รท.
...................####.
.......>............####
(....................###


You could see an ettin.

Vanquished Creatures
  A yaktaur captain (D:11)
  A boulder beetle (D:7)
  Harold (D:8)
  A centaur warrior (D:10)
  The ghost of kae the Frost Mage, a novice MfIE of Makhleb (D:8)
  The ghost of Gwenloh the Destroyer, a novice DECj of Sif Muna (D:8)
  Pikel (D:5)
  A wolf spider (D:11)
  A naga mage (D:10)
  A gargoyle (D:11)
  A freezing wraith (D:11)
  The ghost of bmj180 the Conjurer, an amateur DrCj (D:3)
  2 shadows
  9 yaks
  3 wraiths
  Grum (D:11)
  A basilisk (D:8)
  A vampire (D:10)
  A wyvern (D:7)
  A steam dragon (D:9)
  3 vampire mosquitoes (D:9)
  Menkaure (D:7)
  6 water moccasins
  Duvessa (D:5)
  An orc warrior (D:8)
  3 black bears
  5 ogres
  5 wolves
  5 centaurs
  A phantom (D:5)
  2 kobold brigands
  A wyvern zombie (D:3)
  4 bullfrogs
  3 gnoll sergeants
  A water moccasin zombie (D:5)
  2 water moccasin skeletons
  Dowan (D:5)
  3 killer bees (D:8)
  3 wights (D:8)
  A bullfrog zombie (D:3)
  4 centaur zombies
  A jelly (D:7)
  3 hounds
  A bullfrog skeleton (D:6)
  2 orc priests
  A gnoll shaman (D:4)
  6 iguanas
  Ijyb (D:3)
  A scorpion zombie (D:5)
  10 orc wizards
  3 adders
  19 gnolls
  A shadow imp (D:6)
  A white imp (D:8)
  An ufetubus (D:6)
  A worm (D:2)
  2 dart slugs
  36 orcs
  3 endoplasms
  7 giant cockroaches
  6 goblins
  10 hobgoblins
  18 kobolds
  2 quokkas
  2 ball pythons
  9 bats
  2 frilled lizards (D:1)
  5 rats
241 creatures vanquished.

Vanquished Creatures (others)
  A wyvern (D:9)
  A worm (D:3)
  A goblin (D:3)
  A kobold (D:9)
  A bush (D:8)
  4 fungi (D:8)
  17 plants (D:8)
  5 withered plants (D:8)
31 creatures vanquished.

Grand Total: 272 creatures vanquished

Notes
Turn   | Place    | Note
-------+----------+-------------------------------------------
     0 | D:1      | mcbry74 the Minotaur Berserker began the quest for the Orb.
     0 | D:1      | Reached XP level 1. HP: 19/19 MP: 0/0
   114 | D:1      | Reached skill level 4 in Long Blades
   251 | D:1      | Reached XP level 2. HP: 8/26 MP: 1/1
   571 | D:1      | Found Akapilut's Magic Scroll Shop.
  1132 | D:1      | Reached skill level 5 in Long Blades
  1396 | D:1      | Reached XP level 3. HP: 31/31 MP: 2/2
  1520 | D:1      | Bought a scroll of identify for 28 gold pieces
  1808 | D:2      | Found a faded altar of an unknown god.
  1818 | D:2      | Reached ** piety under Trog
  1926 | D:2      | Found an ornate altar of the Wu Jian Council.
  2831 | D:3      | Found a runed translucent gate.
  2831 | D:3      | Found a runed translucent gate.
  2831 | D:3      | Found a runed translucent gate.
  3136 | D:3      | Reached skill level 6 in Long Blades
  3136 | D:3      | Reached XP level 4. HP: 8/39 MP: 3/3
  3496 | D:3      | Found a shimmering altar of Xom.
  3737 | D:3      | Noticed bmj180's ghost (amateur DrCj)
  3770 | D:3      | Reached skill level 7 in Long Blades
  3770 | D:3      | Reached XP level 5. HP: 19/45 MP: 4/4
  3999 | D:3      | Found a large runed translucent door.
  4000 | D:3      | Found a large runed translucent door.
  4043 | D:3      | Found a sacrificial altar of Ru.
  4056 | D:3      | Found a white marble altar of Elyvilon.
  4479 | D:3      | Killed bmj180's ghost
  4480 | D:3      | Reached skill level 9 in Long Blades
  4480 | D:3      | Reached XP level 6. HP: 7/51 MP: 5/5
  4903 | D:3      | Noticed Ijyb
  4929 | D:3      | Killed Ijyb
  5125 | D:4      | Reached XP level 7. HP: 50/57 MP: 6/6
  5935 | D:4      | Found a shadowy altar of Dithmenos.
  5949 | D:4      | Reached skill level 10 in Long Blades
  5954 | D:4      | Found a bloodstained altar of Trog.
  5955 | D:4      | Found a basalt altar of Yredelemnul.
  6027 | D:5      | Entered Level 5 of the Dungeon
  6061 | D:5      | Noticed Pikel
  6071 | D:5      | Killed Pikel
  6072 | D:5      | Reached XP level 8. HP: 15/67 MP: 7/7
  6363 | D:5      | Reached skill level 5 in Fighting
  6452 | D:5      | Reached skill level 11 in Long Blades
  6655 | D:5      | Acquired a +2 triple sword of protection
  6793 | D:5      | Noticed Dowan
  6794 | D:5      | Noticed Duvessa
  6795 | D:5      | Killed Dowan
  6805 | D:5      | Killed Duvessa
  7257 | D:5      | Reached skill level 5 in Armour
  7642 | D:6      | Reached *** piety under Trog
  7723 | D:6      | Reached XP level 9. HP: 74/75 MP: 8/8
  7854 | D:6      | Found a glowing golden altar of the Shining One.
  7961 | D:6      | Reached skill level 1 in Bows
  8078 | D:6      | Found a radiant altar of Vehumet.
  8504 | D:7      | Reached skill level 5 in Short Blades
  8549 | D:7      | Found an ornate altar of the Wu Jian Council.
  8556 | D:7      | Noticed Menkaure
  8571 | D:7      | Killed Menkaure
  8662 | D:7      | Noticed a boulder beetle
  8686 | D:7      | Killed a boulder beetle
  8687 | D:7      | Reached skill level 12 in Long Blades
  8974 | D:7      | Reached **** piety under Trog
  9147 | D:7      | Found a staircase to the Ecumenical Temple.
  9578 | D:8      | Found a runed translucent gate.
  9578 | D:8      | Found a runed translucent gate.
  9581 | D:8      | Found a runed translucent gate.
  9582 | D:8      | Noticed Gwenloh's ghost (novice DECj)
  9582 | D:8      | Noticed kae's ghost (novice MfIE)
  9839 | D:8      | Reached XP level 10. HP: 63/88 MP: 9/9
 10036 | D:8      | Killed Gwenloh's ghost
 10037 | D:8      | Reached skill level 1 in Evocations
 10350 | D:8      | Noticed Harold
 10359 | D:8      | Killed Harold
 10624 | D:8      | Reached skill level 5 in Bows
 10657 | D:8      | Found a staircase to the Lair.
 11459 | D:8      | Killed kae's ghost
 11510 | D:9      | Reached skill level 13 in Long Blades
 11745 | D:9      | Reached XP level 11. HP: 97/97 MP: 10/10
 12061 | D:9      | Found Coabo's General Store.
 12149 | D:9      | Reached ***** piety under Trog
 12462 | D:10     | Entered Level 10 of the Dungeon
 12568 | D:10     | Found a blossoming altar of Fedhas.
 12959 | D:10     | Noticed a centaur warrior
 12967 | D:10     | Killed a centaur warrior
 13648 | D:11     | Noticed Grum
 13662 | D:11     | Killed Grum
 13690 | D:11     | Noticed a wolf spider
 13692 | D:11     | Killed a wolf spider
 13695 | D:11     | Noticed a yaktaur captain
 13698 | D:11     | Killed a yaktaur captain
 13886 | D:11     | Reached skill level 10 in Fighting
 13915 | D:11     | Noticed an ettin
 13920 | D:11     | HP: 4/99 [ettin (33)]
 13920 | D:11     | Slain by an ettin

Illustrated notes

Levels and vault maps discovered:
D:1:      lightli_arrival_windingriver, layout_basic, serial_shops,
          nicolae_shop_statue_plus, minmay_crystal_water
D:2:      layout_loops_corners, basic_altar, chequers_ecumenical_altar_island
D:3:      layout_loops_ring, jmf_multi_god_temple2, xom_confusion_cloud,
          gammafunk_ghost_necromancy, uniq_ijyb
D:4:      layout_loops_ring, minitemple, corexii_hall_statues_t
D:5:      layout_basic, uniq_duvessa, uniq_pikel
D:6:      layout_rooms, mainiacjoe_overflow_small_starburst, lemuel_doored_altar
D:7:      layout_basic, lemuel_tele_altar, minmay_temple_entry_grid,
          uniq_menkaure
D:8:      layout_loops_corners, minmay_lair_entry_grove,
          gammafunk_ghost_cemetery, uniq_harold
D:9:      layout_irregular_city, serial_shops, kennysheep_little_box
D:10:     layout_small_grid, mainiacjoe_overflow_surrounded_room,
          minmay_librarian
D:11:     minmay_chopped_fan, layout_layer_cave, minmay_orc_entry_temple_small,
          serial_shops, nicolae_square_shop, chequers_serial_rivers_large_b,
          chequers_serial_rivers_micro_d, uniq_grum

Skill      XL: |  1  2  3  4  5  6  7  8  9 10 11 |
---------------+----------------------------------+-----
Long Blades    | 4 5 6 7 9 10 11 12 13 | 13.6
Fighting       | 4 6 7 9 10 | 10.0
Short Blades   | 2 4 6 7 8 |  8.4
Armour         | 3 5 7 8 9 |  9.6
Bows           | 3 5 7 |  7.0
Evocations     | 3 4 |  4.6
Dodging        | |  2.1

Action                   |  1- 3 |  4- 6 |  7- 9 | 10-12 || total
-------------------------+-------+-------+-------+-------++-------
Melee: Falchion          |    36 |    47 |   112 |       ||   195
       Headbutt          |    19 |    18 |    71 |    55 ||   163
       Short sword       |    63 |       |       |    19 ||    82
       Dagger            |    20 |    51 |       |       ||    71
       Triple sword      |       |       |   146 |   201 ||   347
 Fire: Shortbow          |       |       |     6 |    19 ||    25
Throw: Dart              |       |     7 |     3 |       ||    10
       Throwing net      |       |     1 |       |       ||     1
Invok: Trog's Hand       |       |     1 |     5 |     6 ||    12
       Berserk           |       |       |       |     1 ||     1
 Abil: Evoke Invisibilit |       |       |       |     1 ||     1
  Use: Scroll            |     3 |     1 |     8 |     4 ||    16
       Potion            |       |     1 |     1 |       ||     2
 Stab: Held in net/web   |       |     2 |       |       ||     2
       Distracted        |       |       |       |     1 ||     1
Armor: Animal skin       |     7 |     8 |       |       ||    15
       Scale mail        |       |     9 |    12 |       ||    21
       Chain mail        |       |       |   108 |    76 ||   184
       Plate armour      |       |       |       |    74 ||    74
Dodge: Dodged            |    55 |    44 |   119 |   121 ||   339

Table legend: (Time is in decaauts)
 A = Elapsed time spent in this place.
 B = Non-inter-level travel time spent in this place.
 C = Inter-level travel time spent in this place.
 D = Time resting spent in this place.
 E = Time spent auto-exploring this place.
 F = Levels seen in this place.
 G = Mean time per level.
                   A        B        C        D        E       F      G
               +--------+--------+--------+--------+--------+-----+--------+
         Total |  13879 |  13534 |    345 |   4167 |   6792 |  11 | 1261.7 |
       Dungeon |  13879 |  13534 |    345 |   4167 |   6792 |  11 | 1261.7 |
               +--------+--------+--------+--------+--------+-----+--------+

Top non-repeatable levels by time:
     D:3: 2239 daAuts
     D:8: 1850 daAuts
     D:5: 1591 daAuts
     D:1: 1559 daAuts
     D:2: 1236 daAuts
     D:7: 1155 daAuts
    D:10: 1120 daAuts
     D:9: 980 daAuts
     D:4: 929 daAuts
     D:6: 874 daAuts
    D:11: 343 daAuts
